 Dungeon Crawl Stone Soup version 0.29-a0-359-g541a27f54d (webtiles) character file.

Game seed: 12584285742875848890

87 lucidbluej the Skirmisher (level 4, -1/50 HPs)
             Began as an Ogre Berserker on Apr 26, 2022.
             Was a Believer of Trog.
             Slain by a goblin
             ... wielding a +0 dagger of venom
             ... led by Robin
              (2 damage)
             ... on level 2 of the Dungeon on Apr 27, 2022.
             The game lasted 00:15:25 (1243 turns).

lucidbluej the Skirmisher (Ogre Berserker)          Turns: 1243, Time: 00:15:25

Health: -1/50      AC:  3    Str: 23    XL:     4   Next: 51%
Magic:  4/4        EV: 10    Int:  8    God:    Trog [**....]
Gold:   112        SH:  0    Dex: 10    Spells: 3/3 levels left

rFire   . . .      SeeInvis .   y - +3 whip
rCold   . . .      Faith    .   (no shield)
rNeg    . . .      Spirit   .   b - +0 animal skin
rPois   .          Reflect  .   (helmet restricted)
rElec   .          Harm     .   (no cloak)
rCorr   .          Rampage  .   (gloves unavailable)
Will    ++...                   (boots unavailable)
Stlth   ++........              (no amulet)
HPRegen 0.16/turn               t - ring of willpower
MPRegen 0.09/turn               u - ring of willpower

@: lethally poisoned (-1 -> -4)
A: large, unfitting armour, tough skin 1, thin skeletal structure 1, wild magic
1
a: Renounce Religion, Berserk, Trog's Hand


You were on level 2 of the Dungeon.
You worshipped Trog.
Trog was pleased with you.
You visited 1 branch of the dungeon, and saw 2 of its levels.

You collected 112 gold pieces.

Inventory:

Hand Weapons
 a - a +0 hand axe
 c - a +0 dagger
 d - a +0 dagger
 e - a +0 dagger
 f - a +0 mace
 h - a +0 club
 j - a +0 dagger
 k - a +0 mace
 l - a +0 flail
 o - a +0 mace
 x - a +0 rapier
 y - a +3 whip (weapon)
 z - a +0 hand axe
 B - a +0 falchion
 C - a +0 dagger
Missiles
 m - 24 stones (quivered)
 q - 4 poisoned darts
 r - 4 boomerangs
Armour
 b - a +0 animal skin (worn)
 g - a +0 scale mail
 i - a +0 robe
 n - a +0 leather armour
 p - a +0 scale mail
 s - a +0 leather armour
 v - a +0 robe
Jewellery
 t - a ring of willpower (left hand)
 u - a ring of willpower (right hand)
Scrolls
 A - a scroll of identify
Potions
 w - a potion of haste


   Skills:
 + Level 5.2 Fighting
 + Level 3.7 Axes
 + Level 1.0 Throwing
 + Level 3.2 Dodging


You had 3 spell levels left.
You didn't know any spells.
Your spell library contained the following spells:

 Spells                   Type           Power      Damage    Failure   Level
 Beastly Appendage        Tmut           0%         N/A       50%         1
 Wereblood                Tmut           0%         N/A       63%         2
 Spider Form              Tmut/Pois      0%         N/A       85%         3


Dungeon Overview and Level Annotations

Branches:
Dungeon (2/15)

Altars:

Annotations:
D:2 Robin


Innate Abilities, Weirdness & Mutations

You are too large for most types of armour.
You have tough skin. (AC +1)
You have a somewhat thin skeletal structure. (Dex +2, Stealth+)
Your spells are a little harder to cast, but a little more powerful.


Message History

The goblin hits you with a +0 dagger.
The goblin hits you but does no damage. x2
The goblin misses you.
You hit the goblin.
You kill the goblin!
Trog accepts your kill.
You feel very sick. The goblin closely misses you.
The goblin hits you with a +0 dagger. The goblin closely misses you.
The goblin hits you with a +0 dagger of venom.
* * * LOW HITPOINT WARNING * * *
The goblin attacks as you move away! The goblin hits you with a +0 dagger.
* * * LOW HITPOINT WARNING * * *
x2 You feel very sick.
Items here: )))) †.
You closely miss the goblin.
* * * LOW HITPOINT WARNING * * *
You feel sick.
The goblin hits you but does no damage. x3
You whack the goblin!
You kill the goblin!
Trog accepts your kill.
* * * LOW HITPOINT WARNING * * *
You feel sick. The goblin hits you but does no damage.
The goblin closely misses you.
You whack the goblin!
You kill the goblin!
Trog accepts your kill.
* * * LOW HITPOINT WARNING * * *
You feel sick. The goblin hits you but does no damage.
The goblin hits you with a +0 dagger.
* * * LOW HITPOINT WARNING * * *
You hit the goblin.
The goblin is severely wounded.
* * * LOW HITPOINT WARNING * * *
You feel sick. The goblin closely misses you. x2
You barely miss the goblin.
The goblin is severely wounded.
* * * LOW HITPOINT WARNING * * *
You feel sick.
The goblin hits you with a +0 dagger of venom.
You die...

............'..................>.
...#.#......#..#.#....#.#..#####.
............#.##...........#
.....##+###.#.##.#.........#
........###.#..............#
.....###....###............#
...### #.##.# #...g........# #
#### #.######gg#.........#.#
########.....##g@#.....<.....#
.............###g#........####
.....#.....#.# #(#........#
.....#.##### .##(#........#
.....#.# ##.(.##...### ####
.....#.# #...##.....####...
.....#.# #(.........'....##
######.# #.#...#....#######
.......# #...#....# #gg..


You could see 4 goblins.

Vanquished Creatures
  An orc wizard (D:2)
  2 adders (D:2)
  2 dart slugs
  4 orcs (D:2)
  A ball python (D:2)
  2 endoplasms (D:1)
  2 giant cockroaches (D:1)
  3 hobgoblins
  A jackal (D:2)
  A bat (D:1)
  4 frilled lizards (D:1)
  9 goblins (D:2)
  4 kobolds
  3 rats
39 creatures vanquished.

Notes
Turn   | Place    | Note
-------+----------+-------------------------------------------
     0 | D:1      | lucidbluej the Ogre Berserker began the quest for the Orb.
     0 | D:1      | Reached XP level 1. HP: 24/24 MP: 1/1
    98 | D:1      | Reached XP level 2. HP: 32/32 MP: 2/2
   122 | D:1      | Found a faded altar of an unknown god.
   409 | D:1      | Gained mutation: Your spells are a little harder to cast,
                  | but a little more powerful. [potion of mutation]
   409 | D:1      | Gained mutation: You have a somewhat thin skeletal
                  | structure. (Dex +2, Stealth+) [potion of mutation]
   473 | D:2      | Reached XP level 3. HP: 16/40 MP: 3/3
   541 | D:2      | Noticed Robin
   573 | D:2      | Upgraded the game from 0.29-a0-356-g7bc237e783 to
                  | 0.29-a0-359-g541a27f54d
   859 | D:2      | Reached ** piety under Trog
   860 | D:2      | Reached XP level 4. HP: 45/49 MP: 4/4
   872 | D:2      | Reached skill level 5 in Fighting
   958 | D:2      | Identified the +1 chain mail of Arrerup {rC- rCorr Dex+2}
  1236 | D:2      | Reached skill level 1 in Throwing
  1241 | D:2      | HP: 2/50 [goblin/+0 dagger[Robin] (2)]
  1243 | D:2      | Slain by a goblin

Illustrated notes

Levels and vault maps discovered:
D:1:      dpeg_arrival_ratfight, layout_loops_cross,
          dreamdust_ecumenical_altar_statues, serial_glass, glass_columns_b,
          glass_columns_b, glass_columns_b, glass_columns_b, glass_columns_a,
          glass_columns_b
D:2:      minmay_chambers_of_ones, layout_basic, uniq_robin

Skill      XL: |  1  2  3  4 |
---------------+-------------+-----
Dodging        | 3 |  3.2
Fighting       | 5 |  5.2
Throwing       | 1 |  1.0
Axes           | |  3.7

Action                   |  1- 3 |  4- 6 || total
-------------------------+-------+-------++-------
Melee: Hand axe          |    86 |    19 ||   105
       Whip              |       |    27 ||    27
Throw: Dart              |    17 |       ||    17
       Boomerang         |     1 |     1 ||     2
       Stone             |       |     4 ||     4
  Use: Potion            |     4 |       ||     4
       Scroll            |     3 |       ||     3
 Stab: Sleeping          |       |     1 ||     1
Armor: Animal skin       |    34 |    26 ||    60
Dodge: Dodged            |    44 |    33 ||    77

Table legend: (Time is in decaauts)
 A = Elapsed time spent in this place.
 B = Non-inter-level travel time spent in this place.
 C = Inter-level travel time spent in this place.
 D = Time resting spent in this place.
 E = Time spent auto-exploring this place.
 F = Levels seen in this place.
 G = Mean time per level.
                   A        B        C        D        E       F      G
               +--------+--------+--------+--------+--------+-----+--------+
         Total |   1242 |    717 |    525 |      0 |    315 |   2 |  621.0 |
       Dungeon |   1242 |    717 |    525 |      0 |    315 |   2 |  621.0 |
               +--------+--------+--------+--------+--------+-----+--------+

Top non-repeatable levels by time:
     D:2: 797 daAuts
     D:1: 445 daAuts
